 Dungeon Crawl Stone Soup version 0.27-a0-972-gd1521fd518 (webtiles) character file.

Game seed: 3982088088086281304

163 tardwrangler69 the Digger (level 5, -3/38 HPs)
             Began as a Draconian Earth Elementalist on Apr 13, 2021.
             Slain by Duvessa
             ... wielding a +2 rapier of electrocution
              (8 damage)
             ... on level 4 of the Dungeon.
             The game lasted 00:03:14 (3744 turns).

tardwrangler69 the Digger (DrEE)                    Turns: 3744, Time: 00:03:14

Health: -3/38      AC:  6    Str: 16    XL:     5   Next: 20%
Magic:  5/9        EV: 12    Int: 17    God:
Gold:   192        SH:  0    Dex: 11    Spells: 9/10 levels left

rFire    . . .     SeeInvis .   o - +1 whip (elec)
rCold    . . .     Faith    .   (no shield)
rNeg     . . .     Spirit   .   (armour unavailable)
rPois    .         Reflect  .   (helmet restricted)
rElec    .         Harm     .   (no cloak)
rCorr    .         Rampage  .   i - +0 pair of gloves
Will     .....                  (no boots)
Stlth    +.........             d - amulet of the acrobat
HPRegen  0.12/turn              l - +6 ring of strength
MPRegen  0.11/turn              (no ring)

@: silenced
A: AC +5, unfitting armour, cold-blooded
a: no special abilities


You were on level 4 of the Dungeon.
You visited 1 branch of the dungeon, and saw 4 of its levels.

You collected 192 gold pieces.

Inventory:

Hand Weapons
 o - a +1 whip of electrocution (weapon)
Missiles
 b - 82 stones
Armour
 i - a +0 pair of gloves (worn)
Jewellery
 d - an amulet of the acrobat (around neck)
 l - a +6 ring of strength (left hand)
Wands
 p - a wand of polymorph (9)
 q - a wand of digging (6)
 r - a wand of flame (23)
Scrolls
 c - 2 scrolls of magic mapping
 e - 3 scrolls of identify
 f - a scroll of brand weapon
 g - a scroll of fog {unknown}
 h - a scroll of fear {unknown}
 j - a scroll of teleportation {unknown}
 k - a scroll of noise {unknown}
 m - a scroll of summoning {unknown}


   Skills:
 - Level 1.7 Dodging
 - Level 1.7 Stealth
 + Level 3.2 Spellcasting
 - Level 1.0 Transmutations
 * Level 5.1 Earth Magic


You had 9 spell levels left.
You knew the following spells:

 Your Spells              Type           Power      Damage    Failure   Level
a - Sandblast             Erth           40%        2d10      1%          1

Your spell library contained the following spells:

 Spells                   Type           Power      Damage    Failure   Level
 Passwall                 Tmut/Erth      10%        N/A       7%          2
 Animate Skeleton         Necr           4%         N/A       17%         1
 Apportation              Tloc           4%         N/A       17%         1
 Corona                   Hex            2%         N/A       17%         1
 Summon Small Mammal      Summ           8%         N/A       17%         1
 Stone Arrow              Conj/Erth      22%        3d8       19%         3
 Petrify                  Tmut/Erth      13%        N/A       43%         4
 Lee's Rapid Deconstruct  Erth           10%        3d9*      50%         5


Dungeon Overview and Level Annotations

Branches:
Dungeon (4/15)
 Temple: D:4-7

Altars:
Nemelex Xobeh
Sif Muna
Uskayaw

Annotations:
D:4 Dowan, Duvessa


Innate Abilities, Weirdness & Mutations

Your plain brown scales are hard. (AC +5)
You cannot fit into any form of body armour.
You are cold-blooded and may be slowed by cold attacks.


Message History

Confirm with . or Enter, or press ? or * to list all spells.
Aiming: Sandblast (safe; 1% risk of failure)
Press: ? - help, Shift-Dir - straight line, f/p - Duvessa
Aim: Duvessa, wielding a +2 rapier of electrocution and wearing a +0 scale mail (lightly wounded, 14% to evade)
The blast of sand hits Duvessa but does no damage.
Duvessa is lightly wounded.
Duvessa hits you with a +2 rapier of electrocution!
Casting: Sandblast (safe; 1% risk of failure)
Confirm with . or Enter, or press ? or * to list all spells.
Aiming: Sandblast (safe; 1% risk of failure)
Press: ? - help, Shift-Dir - straight line, f/p - Duvessa
Aim: Duvessa, wielding a +2 rapier of electrocution and wearing a +0 scale mail (lightly wounded, 14% to evade)
The blast of sand hits Duvessa but does no damage.
Duvessa is lightly wounded.
Duvessa hits you with a +2 rapier of electrocution.
As you read the scroll labelled DEYCEU KOBB, it crumbles to dust.
It is a scroll of identify.
c - 2 scrolls of magic mapping Duvessa barely misses you.
As you read the scroll labelled NEETUWK EKIFEW, it crumbles to dust.
It is a scroll of brand weapon.
Really abort (and waste the scroll)?
Okay, then.
Duvessa hits you with a +2 rapier of electrocution!
* * * LOW HITPOINT WARNING * * *
Dowan zaps a wand.
Some rock shatters into small pieces.
As you read the scroll labelled TITHRA GACS, it crumbles to dust.
A profound silence engulfs you.
It was a scroll of silence.
Duvessa hits you with a +2 rapier of electrocution.
* * * LOW HITPOINT WARNING * * *
Okay, then.
It was a potion of curing.
You feel better.
Duvessa hits you with a +2 rapier of electrocution!
* * * LOW HITPOINT WARNING * * *
Dowan zaps a wand.
Some rock shatters into small pieces.
You feel better.
Duvessa hits you with a +2 rapier of electrocution.
* * * LOW HITPOINT WARNING * * *
You are electrocuted!
You die...

#.#
####################.#
.....................#
####################.#
#.# #.# ###### ## #.#
##.....#####.####.#
......>....ee@....#
.......#####.######
....... ## .......
..e.... .......
.e..... .......


You could see Duvessa and Dowan.

Vanquished Creatures
  A scorpion (D:4)
  6 adders
  6 ball pythons
  2 bats
  4 endoplasms
  3 giant cockroaches (D:3)
  2 goblins
  4 hobgoblins
  6 jackals
  2 quokkas
  4 frilled lizards
  5 kobolds
  2 rats
47 creatures vanquished.

Vanquished Creatures (others)
  4 toadstools (D:1)
4 creatures vanquished.

Grand Total: 51 creatures vanquished

Notes
Turn   | Place    | Note
-------+----------+-------------------------------------------
     0 | D:1      | tardwrangler69 the Draconian Earth Elementalist began the
                  | quest for the Orb.
     0 | D:1      | Reached XP level 1. HP: 14/14 MP: 3/3
   710 | D:1      | Reached XP level 2. HP: 9/20 MP: 3/5
  1829 | D:2      | Reached XP level 3. HP: 11/26 MP: 2/6
  2047 | D:2      | Reached skill level 4 in Earth Magic
  2092 | D:2      | Found a faded altar of an unknown god.
  2307 | D:2      | Found a sparkling altar of Nemelex Xobeh.
  2761 | D:3      | Found a shimmering blue altar of Sif Muna.
  2768 | D:3      | Found a hide-covered altar of Uskayaw.
  3100 | D:3      | Reached XP level 4. HP: 33/33 MP: 8/8
  3610 | D:4      | Noticed a scorpion
  3620 | D:4      | Killed a scorpion
  3621 | D:4      | Reached skill level 5 in Earth Magic
  3621 | D:4      | Reached XP level 5. HP: 32/38 MP: 3/9
  3723 | D:4      | Noticed Duvessa
  3725 | D:4      | Noticed Dowan
  3744 | D:4      | Slain by Duvessa

Illustrated notes

Levels and vault maps discovered:
D:1:      ldierk_water_garden, layout_loops_corners, minivault_27
D:2:      layout_loops_ring, basic_altar,
          shapermc_ecumenical_altar_starsandcircs
D:3:      layout_rooms, grunt_temple_overflow_open
D:4:      layout_basic, minivault_14, uniq_duvessa

Skill      XL: |  1  2  3  4 |
---------------+-------------+-----
Earth Magic    | 4 5 |  5.1
Spellcasting   | 3 |  3.2
Dodging        | |  1.7
Stealth        | |  1.7
Transmutations | |  1.0

Action                   |  1- 3 |  4- 6 || total
-------------------------+-------+-------++-------
Melee: Unarmed           |    82 |       ||    82
       Tailslap          |     6 |     1 ||     7
       Whip              |    40 |    31 ||    71
 Cast: Sandblast         |    22 |    11 ||    33
  Use: Scroll            |       |     3 ||     3
       Potion            |       |     2 ||     2
 Stab: Sleeping          |     4 |       ||     4
Armor: Skin              |    55 |    10 ||    65
Dodge: Dodged            |   114 |    30 ||   144

Table legend: (Time is in decaauts)
 A = Elapsed time spent in this place.
 B = Non-inter-level travel time spent in this place.
 C = Inter-level travel time spent in this place.
 D = Time resting spent in this place.
 E = Time spent auto-exploring this place.
 F = Levels seen in this place.
 G = Mean time per level.
                   A        B        C        D        E       F      G
               +--------+--------+--------+--------+--------+-----+--------+
         Total |   3759 |   3688 |     71 |      3 |   3236 |   4 |  939.8 |
       Dungeon |   3759 |   3688 |     71 |      3 |   3236 |   4 |  939.8 |
               +--------+--------+--------+--------+--------+-----+--------+

Top non-repeatable levels by time:
     D:1: 1758 daAuts
     D:2: 1224 daAuts
     D:3: 611 daAuts
     D:4: 164 daAuts
